General information
- name: BNet
- type: Ladder team game (AT/RT)
- host: Battle.net
- saver: TREATY.USVERG
map: TwilightRuins
- players: 8
- length: 17:58
- speed: Fast
- version: 1.26 W3XP
- replay type: Public
» download(139 KB)
Players
team 1 (loser)
dhck (
purple | 117 APM | 1911 actions | 16:18)
3 Priestess of the Moon
2 Scout
1 Trueshot Aura
1 Pandaren Brewmaster
1 Drunken Haze
» actions
| Assign group hotkey | 21 | |
| Basic commands | 44 | |
| Build / train | 84 | |
| ESC pressed | 1 | |
| Enter build submenu | 29 | |
| Enter hero's abilities submenu | 4 | |
| Give item / drop item | 3 | |
| Right click | 801 | |
| Select / deselect | 262 | |
| Select group hotkey | 556 | |
| Use ability | 106 | |
1911 total
» units
| Wisp | 29 | |
| Archer | 8 | |
| Druid of the Claw | 11 | |
48 total
» upgrades
| Druid of the Claw Training | 2 | |
| Nature's Blessing | 1 | |
| Improved Bows | 1 | |
| Marksmanship | 1 | |
| Mark of the Claw | 1 | |
6 total
» buildings
| Altar of Elders | 1 | |
| Moon Well | 8 | |
| Ancient of War | 2 | |
| Tree of Life | 1 | |
| Tree of Ages | 2 | |
| Ancient of Wonders | 2 | |
| Hunter's Hall | 1 | |
| Ancient Protector | 2 | |
| Tree of Eternity | 2 | |
| Ancient of Lore | 3 | |
24 total
» build order
00:13 Altar of Elders
00:19 Moon Well
01:24 Moon Well
01:32 Ancient of War
01:49 Ancient of War
02:11 Moon Well
02:15 Moon Well
04:35 Tree of Life
04:51 Tree of Ages
05:18 Ancient of Wonders
05:21 Hunter's Hall
06:49 Moon Well
07:04 Ancient Protector
07:14 Tree of Eternity
07:14 Tree of Eternity
08:13 Ancient of Lore
08:14 Ancient of Lore
08:16 Ancient of Lore
08:32 Ancient of Wonders
10:33 Moon Well
10:37 Moon Well
10:37 Moon Well
15:58 Ancient Protector
» items
| Rod of Necromancy | 1 | |
| Staff of Preservation | 2 | |
| Anti-magic Potion | 1 | |
| Scroll of Town Portal | 2 | |
| Potion of Healing | 3 | |
| Orb of Venom | 1 | |
10 total
justfckoff (
pink | 59 APM | 1047 actions | 17:52)
5 Death Knight
3 Death Coil
2 Unholy Aura
2 Lich
1 Frost Nova
1 Frost Armor
1 Dark Ranger
1 Silence
» actions
| Assign group hotkey | 21 | |
| Basic commands | 2 | |
| Build / train | 54 | |
| ESC pressed | 5 | |
| Enter build submenu | 19 | |
| Enter hero's abilities submenu | 8 | |
| Give item / drop item | 4 | |
| Remove unit from queue | 1 | |
| Right click | 494 | |
| Select / deselect | 150 | |
| Select group hotkey | 217 | |
| Use ability | 72 | |
1047 total
» units
| Acolyte | 7 | |
| Ghoul | 4 | |
| Crypt Fiend | 1 | |
| Frost Wyrm | 5 | |
17 total
» upgrades
| Creature Attack | 1 | |
| Creature Carapace | 1 | |
| Freezing Breath | 1 | |
3 total
» buildings
| Crypt | 1 | |
| Altar of Darkness | 1 | |
| Ziggurat | 12 | |
| Graveyard | 1 | |
| Tomb of Relics | 1 | |
| Nerubian Tower | 2 | |
| Halls of the Dead | 1 | |
| Necropolis | 1 | |
| Spirit Tower | 6 | |
| Black Citadel | 1 | |
| Sacrificial Pit | 1 | |
| Boneyard | 2 | |
30 total
» build order
00:15 Crypt
00:23 Altar of Darkness
00:35 Ziggurat
01:03 Graveyard
01:22 Tomb of Relics
01:49 Ziggurat
02:05 Nerubian Tower
03:31 Halls of the Dead
05:19 Necropolis
05:46 Ziggurat
05:56 Ziggurat
06:00 Ziggurat
06:18 Spirit Tower
06:20 Ziggurat
07:10 Spirit Tower
07:15 Nerubian Tower
07:49 Black Citadel
08:14 Spirit Tower
08:33 Sacrificial Pit
10:14 Boneyard
10:16 Boneyard
10:50 Ziggurat
10:55 Ziggurat
10:57 Ziggurat
10:58 Ziggurat
11:00 Ziggurat
11:45 Spirit Tower
11:47 Ziggurat
13:57 Spirit Tower
15:26 Spirit Tower
» items
| Rod of Necromancy | 2 | |
| Dust of Appearance | 1 | |
| Sacrificial Skull | 1 | |
| Orb of Corruption | 1 | |
| Potion of Invulnerability | 1 | |
| Scroll of Town Portal | 3 | |
| Pendant of Energy | 1 | |
| Potion of Healing | 1 | |
11 total
bookshelf (
orange | 74 APM | 1326 actions | 17:49)
4 Death Knight
2 Death Coil
2 Unholy Aura
3 Lich
2 Frost Nova
1 Frost Armor
1 Dreadlord
1 Carrion Swarm
» actions
| Assign group hotkey | 24 | |
| Basic commands | 6 | |
| Build / train | 51 | |
| Enter build submenu | 20 | |
| Enter hero's abilities submenu | 8 | |
| Right click | 477 | |
| Select / deselect | 192 | |
| Select group hotkey | 488 | |
| Use ability | 60 | |
1326 total
» units
| Acolyte | 7 | |
| Ghoul | 3 | |
| Crypt Fiend | 14 | |
| Frost Wyrm | 2 | |
26 total
» upgrades
» buildings
| Ziggurat | 8 | |
| Crypt | 2 | |
| Altar of Darkness | 1 | |
| Graveyard | 1 | |
| Tomb of Relics | 1 | |
| Nerubian Tower | 1 | |
| Halls of the Dead | 2 | |
| Black Citadel | 1 | |
| Sacrificial Pit | 2 | |
| Boneyard | 2 | |
21 total
» build order
00:11 Ziggurat
00:15 Crypt
00:21 Crypt
00:38 Altar of Darkness
01:16 Graveyard
01:40 Ziggurat
02:11 Tomb of Relics
02:44 Nerubian Tower
03:09 Halls of the Dead
03:09 Halls of the Dead
03:55 Ziggurat
06:38 Ziggurat
08:31 Black Citadel
09:38 Sacrificial Pit
09:44 Sacrificial Pit
11:00 Boneyard
11:04 Boneyard
11:09 Ziggurat
14:24 Ziggurat
14:28 Ziggurat
14:34 Ziggurat
» items
| Rod of Necromancy | 4 | |
| Dust of Appearance | 1 | |
| Gloves of Haste | 1 | |
| Scroll of Town Portal | 1 | |
7 total
BelligerentMonk (
yellow | 65 APM | 1164 actions | 17:55)
4 Archmage
2 Summon Water Elemental
2 Brilliance Aura
» actions
| Assign group hotkey | 32 | |
| Basic commands | 3 | |
| Build / train | 74 | |
| Enter build submenu | 33 | |
| Enter hero's abilities submenu | 4 | |
| Give item / drop item | 1 | |
| Remove unit from queue | 3 | |
| Right click | 434 | |
| Select / deselect | 335 | |
| Select group hotkey | 167 | |
| Use ability | 78 | |
1164 total
» units
| Peasant | 19 | |
| Footman | 11 | |
| Goblin Shredder | 1 | |
| Rifleman | 6 | |
| Sorceress | 1 | |
38 total
» upgrades
| Masonry | 3 | |
| Gunpowder | 1 | |
| Armor | 1 | |
| Magic Sentry | 1 | |
| Sorceress Training | 2 | |
8 total
» buildings
| Altar of Kings | 1 | |
| Farm | 7 | |
| Barracks | 2 | |
| Town Hall | 1 | |
| Scout Tower | 16 | |
| Arcane Tower | 3 | |
| Lumber Mill | 1 | |
| Guard Tower | 11 | |
| Arcane Vault | 2 | |
| Keep | 1 | |
| Blacksmith | 1 | |
| Castle | 1 | |
| Arcane Sanctum | 2 | |
49 total
» build order
00:11 Altar of Kings
00:14 Farm
00:17 Barracks
03:30 Farm
03:39 Town Hall
06:19 Scout Tower
06:54 Arcane Tower
06:58 Scout Tower
07:17 Arcane Tower
07:19 Scout Tower
08:20 Scout Tower
08:30 Lumber Mill
09:08 Scout Tower
09:46 Guard Tower
09:48 Arcane Tower
09:50 Scout Tower
09:52 Scout Tower
10:02 Arcane Vault
10:09 Guard Tower
10:18 Guard Tower
10:21 Scout Tower
10:24 Guard Tower
10:26 Scout Tower
10:51 Arcane Vault
10:55 Arcane Tower
10:58 Guard Tower
11:06 Guard Tower
11:38 Keep
11:44 Barracks
12:28 Scout Tower
12:38 Blacksmith
13:01 Farm
13:18 Guard Tower
13:20 Scout Tower
14:06 Farm
14:09 Farm
14:12 Castle
14:15 Guard Tower
14:17 Scout Tower
14:48 Arcane Sanctum
14:50 Arcane Sanctum
14:58 Scout Tower
14:59 Guard Tower
15:36 Scout Tower
16:48 Guard Tower
16:53 Scout Tower
17:00 Farm
17:13 Farm
17:21 Guard Tower
17:23 Scout Tower
» items
| Lesser Clarity Potion | 1 | |
| Scroll of Town Portal | 1 | |
| Potion of Healing | 1 | |
3 total
team 2 (winner)

»
Burial (
green | 90 APM | 1618 actions | 17:56)
4 Blademaster
2 Wind Walk
2 Critical Strike
4 Shadow Hunter
2 Healing Wave
2 Hex
3 Pandaren Brewmaster
2 Breath of Fire
1 Drunken Brawler
» actions
| Assign group hotkey | 32 | |
| Basic commands | 63 | |
| Build / train | 86 | |
| Enter build submenu | 20 | |
| Enter hero's abilities submenu | 11 | |
| Right click | 640 | |
| Select / deselect | 321 | |
| Select group hotkey | 356 | |
| Use ability | 89 | |
1618 total
» units
| Peon | 21 | |
| Grunt | 6 | |
| Troll Headhunter/Berserker | 1 | |
| Troll Batrider | 2 | |
| Wind Rider | 2 | |
| Makrura Snapper | 1 | |
| Giant Sea Turtle | 1 | |
| Makrura Deepseer | 3 | |
| Shaman | 5 | |
| Demolisher | 1 | |
| Tauren | 1 | |
44 total
» upgrades
| Pillage | 1 | |
| Ranged Weapons | 1 | |
| Shaman Training | 2 | |
| Envenomed Spears | 1 | |
| Armor | 1 | |
6 total
» buildings
| Altar of Storms | 1 | |
| Orc Burrow | 8 | |
| Barracks | 1 | |
| Voodoo Lounge | 2 | |
| War Mill | 1 | |
| Great Hall | 1 | |
| Stronghold | 2 | |
| Watch Tower | 3 | |
| Fortress | 2 | |
| Spirit Lodge | 1 | |
| Beastiary | 1 | |
| Tauren Totem | 1 | |
24 total
» build order
00:06 Altar of Storms
00:19 Orc Burrow
00:34 Barracks
01:28 Orc Burrow
01:57 Voodoo Lounge
02:50 War Mill
03:49 Great Hall
04:19 Stronghold
04:20 Stronghold
04:58 Orc Burrow
06:56 Watch Tower
06:57 Fortress
06:58 Fortress
07:24 Spirit Lodge
07:26 Beastiary
09:49 Orc Burrow
10:05 Watch Tower
10:07 Watch Tower
10:11 Orc Burrow
10:38 Orc Burrow
11:40 Orc Burrow
15:48 Tauren Totem
15:50 Orc Burrow
15:56 Voodoo Lounge
» items
| Healing Salve | 2 | |
| Lesser Clarity Potion | 3 | |
| Boots of Speed | 2 | |
| Scroll of Town Portal | 1 | |
| Orb of Lightning | 1 | |
9 total
TREATY.USVERG (
teal | 73 APM | 1317 actions | 17:58)
5 Blademaster
3 Wind Walk
2 Critical Strike
4 Shadow Hunter
2 Hex
2 Healing Wave
» actions
| Assign group hotkey | 53 | |
| Basic commands | 9 | |
| Build / train | 60 | |
| Enter build submenu | 13 | |
| Enter hero's abilities submenu | 9 | |
| Give item / drop item | 4 | |
| Right click | 566 | |
| Select / deselect | 108 | |
| Select group hotkey | 396 | |
| Use ability | 99 | |
1317 total
» units
| Peon | 10 | |
| Wind Rider | 6 | |
| Goblin Shredder | 1 | |
| Troll Batrider | 2 | |
| Raider | 2 | |
21 total
» upgrades
| Ranged Weapons | 2 | |
| Ensnare | 1 | |
| Reinforced Defenses | 1 | |
| Envenomed Spears | 1 | |
| Armor | 1 | |
6 total
» buildings
| Altar of Storms | 1 | |
| Orc Burrow | 6 | |
| Voodoo Lounge | 1 | |
| War Mill | 1 | |
| Watch Tower | 9 | |
| Stronghold | 2 | |
| Beastiary | 3 | |
| Great Hall | 1 | |
| Fortress | 2 | |
26 total
» build order
00:11 Altar of Storms
00:22 Orc Burrow
01:07 Voodoo Lounge
01:14 War Mill
02:27 Watch Tower
02:28 Watch Tower
03:07 Watch Tower
03:21 Stronghold
03:48 Watch Tower
03:49 Watch Tower
04:54 Orc Burrow
04:55 Orc Burrow
04:57 Orc Burrow
05:52 Beastiary
05:53 Beastiary
08:38 Great Hall
09:49 Fortress
10:05 Watch Tower
10:05 Watch Tower
10:06 Watch Tower
15:53 Beastiary
15:55 Orc Burrow
15:55 Orc Burrow
» items
| Healing Salve | 3 | |
| Lesser Clarity Potion | 4 | |
| Staff of Teleportation | 1 | |
| Potion of Mana | 2 | |
| Potion of Lesser Invulnerability | 1 | |
| Scroll of Healing | 1 | |
| Orb of Lightning | 1 | |
| Scroll of Town Portal | 2 | |
15 total
SkoobZ (
red | 22 APM | 394 actions | 17:56)
5 Demon Hunter
2 Immolation
3 Evasion
2 Pit Lord
1 Cleaving Attack
1 Howl of Terror
» actions
| Basic commands | 2 | |
| Build / train | 47 | |
| Enter build submenu | 12 | |
| Enter hero's abilities submenu | 7 | |
| Right click | 135 | |
| Select / deselect | 157 | |
| Use ability | 34 | |
394 total
» units
» upgrades
| Moon Armor | 2 | |
| Strength of the Moon | 2 | |
| Improved Bows | 1 | |
| Hippogryph Taming | 1 | |
| Marksmanship | 1 | |
| Reinforced Hides | 1 | |
8 total
» buildings
| Moon Well | 6 | |
| Altar of Elders | 1 | |
| Ancient of War | 1 | |
| Hunter's Hall | 1 | |
| Tree of Ages | 1 | |
| Ancient of Wonders | 1 | |
| Ancient of Wind | 1 | |
| Tree of Eternity | 1 | |
13 total
» build order
00:35 Moon Well
00:42 Altar of Elders
00:54 Ancient of War
01:58 Moon Well
02:54 Moon Well
04:10 Moon Well
04:39 Hunter's Hall
05:00 Tree of Ages
05:43 Moon Well
06:46 Moon Well
07:41 Ancient of Wonders
08:09 Ancient of Wind
12:42 Tree of Eternity
i_go_income (
blue | 37 APM | 668 actions | 17:56)
5 Archmage
3 Summon Water Elemental
2 Brilliance Aura
3 Mountain King
2 Storm Bolt
1 Bash
» actions
| Basic commands | 4 | |
| Build / train | 54 | |
| Enter build submenu | 12 | |
| Enter hero's abilities submenu | 8 | |
| Remove unit from queue | 3 | |
| Right click | 327 | |
| Select / deselect | 224 | |
| Use ability | 36 | |
668 total
» units
| Peasant | 4 | |
| Footman | 12 | |
| Sorceress | 4 | |
| Priest | 3 | |
| Makrura Deepseer | 1 | |
| Mortar Team | 9 | |
| Rifleman | 7 | |
40 total
» buildings
| Altar of Kings | 1 | |
| Barracks | 1 | |
| Farm | 7 | |
| Keep | 1 | |
| Arcane Sanctum | 1 | |
| Blacksmith | 1 | |
| Workshop | 1 | |
13 total
» build order
00:06 Altar of Kings
00:09 Barracks
00:12 Farm
00:49 Farm
02:21 Farm
03:00 Farm
03:17 Keep
03:42 Farm
04:34 Farm
05:59 Arcane Sanctum
07:21 Blacksmith
08:40 Workshop
09:56 Farm
Chat log
(00:29 / Allies) i_go_income: mort riffle casters
(01:47 / All) TREATY.USVERG: true or false? Comcast is the best internet provider ever
(01:58 / Allies) i_go_income: false
(01:59 / All) BelligerentMonk: LMAO
(02:01 / All) i_go_income: false
(02:02 / All) BelligerentMonk: they all suck
(02:07 / All) BelligerentMonk: best one is roadrunner
(02:17 / All) TREATY.USVERG: that stupid cartoon?
(02:18 / All) BelligerentMonk: i have the worst. which is COX
(02:20 / All) Burial: eastlink is the best
(04:02 / All) BelligerentMonk: saw ur bm
(04:07 / All) BelligerentMonk: i know you're maphacking
(04:20 / All) TREATY.USVERG: watch replay idiot i left pinks base
(04:30 / All) BelligerentMonk: oh yeah...how would u know i had my expo there, idiot
(05:19 / Allies) Burial: coming
(05:48 / Allies) Burial: going to his main
(06:08 / All) BelligerentMonk: See. fucking maphackers
(06:20 / All) Burial: cry like this everytime u lose?
(06:29 / All) BelligerentMonk: nobody is talking to you, faggot
(06:52 / All) Burial: purple has an owl omfg maphack
(09:01 / All) Burial: lolololol
(09:10 / All) justfckoff: calm down I have no gaming mouse
(09:16 / All) justfckoff: I'll never outclick you
(09:20 / All) Burial: that was still pretty funny
(09:30 / All) justfckoff: why?
(09:39 / All) Burial: cause the creep swipped ur dk
(10:24 / Allies) Burial: anyone have lumber
(10:29 / Allies) i_go_income: no
(10:33 / Allies) i_go_income: no gold no wood
(10:48 / Allies) i_go_income: ty
(12:24 / Allies) Burial: brt
(14:00 / All) Burial: sauce
(14:21 / All) justfckoff: when will people learn you don't tp into expos . . .
(14:34 / All) TREATY.USVERG: oh shut up red is doing a god damn thing
(15:09 / All) justfckoff: doesn't matter, positioning like that yo ucan lose 4v2
(15:15 / All) Burial: true
(17:46 / All) TREATY.USVERG: gg
(17:48 / All) TREATY.USVERG: hacker whiner
(17:53 / All) BelligerentMonk: gg hacker teal
(17:55 / All) TREATY.USVERG: lol